 Dungeon Crawl Stone Soup version 0.31.0-9-g3a7656b989 (webtiles) character file.

Game seed: 3950384780090675193

505 qw the Ducker (level 6, -7/30 HPs)
             Began as a Spriggan Hunter on Feb 2, 2024.
             Mangled by a black bear (10 damage)
             ... on level 4 of the Dungeon.
             The game lasted 00:00:09 (2792 turns).

qw the Ducker (Spriggan Hunter)                     Turns: 2792, Time: 00:00:10

Health: -7/30      AC:  3    Str:  7    XL:     6   Next: 96%
Magic:  7/7        EV: 22    Int: 11    God:
Gold:   168        SH:  0    Dex: 20    Spells: 5/5 levels left

rFire   . . .        a - +0 shortbow
rCold   . . .        (shield currently unavailable)
rNeg    . . .        c - +0 robe
rPois   .            (helmet restricted)
rElec   .            k - +0 cloak
rCorr   .            (gloves unavailable)
SInv    +            (boots unavailable)
Will    +....        (no amulet)
Stlth   ++           (no ring)
HPRegen 0.25/turn    (no ring)
MPRegen 0.10/turn

%: no passive effects
@: about to teleport, very quick
A: very small, no large weapons, unfitting armour, see invisible, speed 3
a: no special abilities


You were on level 4 of the Dungeon.
You visited 1 branch of the dungeon, and saw 4 of its levels.

You collected 168 gold pieces.


Innate Abilities, Weirdness & Mutations

You are very small and have problems with some larger weapons.
You are too small for most types of armour.
You have supernaturally acute eyesight. (SInv)
You cover ground extremely quickly. (Speed+++)


   Skills:
 - Level 2.1 Fighting
 + Level 6.4 Ranged Weapons
 - Level 7.0 Dodging
 - Level 1.5 Stealth


You had 5 spell levels left.
You didn't know any spells.
Your spell library was empty.

Inventory:

Hand Weapons
 a - a +0 shortbow (weapon)
Armour
 c - a +0 robe (worn)
 k - a +0 cloak (worn)
Jewellery
 g - a ring of fire
Scrolls
 d - a scroll of blinking {unknown}
 e - 4 scrolls of identify
Potions
 f - 2 potions of enlightenment

Dungeon Overview and Level Annotations

Branches:
Dungeon (4/15)
 Temple: D:4-7

Altars:


Message History

You shoot an arrow. The arrow hits the black bear!
The black bear is severely wounded.
The black bear goes berserk!
The black bear closely misses you. The black bear claws you.
The black bear closely misses you.
You shoot an arrow. The arrow hits the black bear.
The black bear is almost dead.
The black bear barely misses you. x2; The black bear completely misses you.
You shoot an arrow.
The arrow completely misses the black bear.
The arrow hits the black bear.
The black bear is lightly wounded.
The black bear bites you! The black bear closely misses you.
The black bear misses you. The black bear barely misses you.
The black bear claws you.
The black bear claws you but does no damage.
You shoot an arrow. The arrow hits the black bear.
The black bear is almost dead.
The black bear barely misses you. x2; The black bear claws you.
You shoot an arrow.
The arrow closely misses the black bear.
The arrow hits the black bear.
The black bear is moderately wounded.
The black bear closely misses you. The black bear completely misses you.
The black bear closely misses you. The black bear misses you.
The black bear claws you.
The black bear claws you but does no damage.
2790 ||| READING scroll of teleportation.
As you read the scroll of teleportation, it crumbles to dust.
You feel strangely unstable. The black bear completely misses you.
The black bear claws you.
The black bear closely misses you. x2; The black bear misses you.
The black bear claws you.
You shoot an arrow.
The arrow hits the black bear but does no damage.
The black bear is almost dead.
The black bear misses you.
The black bear completely misses you. x2
You shoot an arrow. The arrow hits the black bear.
The black bear is almost dead.
The black bear bites you!
You die...

# .# ####### ..# #.....# .P.
#.....# #...
#.....#######.####.
#.....##...@hh.....
#.....##.####..####
###.####.##....# #.#
#.##.##.# ##.## #.##.##.#
##.#.###.......#####
.#####.###.......#......#
........#.#......#.####.#####
####.#.#.#.####.##.##.......#


You could see 2 black bears.

Vanquished Creatures
  Sigmund (D:2)
  Edmund (D:4)
  Natasha (thrice) (D:2)
  Terence (D:2)
  6 adders
  3 dart slugs
  A ribbon worm (D:2)
  9 endoplasms
  2 giant cockroaches
  10 goblins
  3 hobgoblins
  2 jackals (D:1)
  6 kobolds
  7 quokkas
  5 ball pythons
  6 bats
  A frilled lizard (D:2)
  6 rats
73 creatures vanquished.

Notes
Turn   | Place    | Note
-------+----------+-------------------------------------------
     0 | D:1      | qw the Spriggan Hunter began the quest for the Orb.
     0 | D:1      | Reached XP level 1. HP: 10/10 MP: 2/2
     0 | D:1      | 0 ||| qw: Version: 0.3-a-155-g5e7d8dd
     0 | D:1      | 0 ||| qw: Game counter: 2528
     0 | D:1      | 0 ||| qw: Melee chars always use a shield: true
     0 | D:1      | 0 ||| qw: God list: Okawaru
     0 | D:1      | 0 ||| qw: Allow faded altars: false
     0 | D:1      | 0 ||| qw: Do Orc after clearing Dungeon:15 true
     0 | D:1      | 0 ||| qw: Do second Lair branch before Depths: true
     0 | D:1      | 0 ||| qw: Lair rune preference: random
     0 | D:1      | 0 ||| qw: Goals: Normal
     0 | D:1      | 0 ||| PLANNING D:1-11
    54 | D:1      | Reached skill level 3 in Dodging
   118 | D:1      | Reached XP level 2. HP: 14/14 MP: 3/3
   205 | D:1      | Reached skill level 4 in Dodging
   620 | D:1      | Reached XP level 3. HP: 18/18 MP: 4/4
   785 | D:1      | 785 ||| READING scroll labelled SUNIROR UBIGGU.
   785 | D:1      | 785 ||| IDENTIFYING fizzy pink potion
   786 | D:1      | 786 ||| DRINKING 2 fuming ruby potions.
   787 | D:1      | 787 ||| DRINKING 2 clear potions.
   788 | D:1      | 788 ||| DROPPING scroll of butterflies.
   789 | D:1      | 789 ||| DROPPING potion of degeneration.
   790 | D:1      | 790 ||| DROPPING potion of brilliance.
   842 | D:2      | Noticed Sigmund
   851 | D:2      | Killed Sigmund
   852 | D:2      | Reached skill level 6 in Ranged Weapons
   852 | D:2      | Reached XP level 4. HP: 20/22 MP: 5/5
   852 | D:2      | Reached XP level 5. HP: 23/25 MP: 6/6
   938 | D:2      | Noticed Natasha
   941 | D:2      | Killed Natasha
   964 | D:2      | 964 ||| DROPPING +2 sling of electrocution.
   996 | D:2      | Noticed Terence
  1004 | D:2      | Killed Terence
  1005 | D:2      | Reached skill level 5 in Dodging
  1266 | D:2      | Noticed Natasha
  1274 | D:2      | Killed Natasha
  1275 | D:2      | Reached XP level 6. HP: 14/30 MP: 7/7
  1502 | D:2      | Noticed Natasha
  1507 | D:2      | Killed Natasha
  1712 | D:2      | 1712 ||| UPGRADING to +0 cloak.
  1717 | D:2      | 1717 ||| READING 2 scrolls of identify.
  1717 | D:2      | 1717 ||| IDENTIFYING purple potion
  1718 | D:2      | 1718 ||| READING scroll of identify.
  1718 | D:2      | 1718 ||| IDENTIFYING scroll labelled NOIMNA OTUZOUM
  1719 | D:2      | 1719 ||| READING scroll labelled ARAILI VOUTRO.
  1720 | D:2      | 1720 ||| READING scroll labelled WOUJEL IZXO.
  1721 | D:2      | 1721 ||| READING scroll labelled CYITEDOOQO.
  1723 | D:2      | 1723 ||| Stepping ~*~*~tactically~*~*~ (cloud).
  1960 | D:3      | Found a faded altar of an unknown god.
  2218 | D:3      | 2218 ||| FLEEEEING.
  2438 | D:3      | 2438 ||| READING scroll labelled TURGHE XIOX.
  2541 | D:4      | Noticed Edmund
  2542 | D:4      | 2542 ||| DRINKING potion of haste.
  2563 | D:4      | Killed Edmund
  2564 | D:4      | Reached skill level 7 in Dodging
  2789 | D:4      | HP: 6/30 [black bear (3)]
  2790 | D:4      | 2790 ||| READING scroll of teleportation.
  2792 | D:4      | Mangled by a black bear

Levels and vault maps discovered:
D:1:      grunt_arrival_crossed_arrows, layout_loops_ring
D:2:      layout_loops_ring, uniq_sigmund, uniq_terence, uniq_natasha
D:3:      layout_loops_ring, basic_ecumenical_altar, small_statue_intersection
D:4:      layout_loops_cross, kennysheep_mini_moat,
          worldfamousw_hep_ancestral_shrine, trog_ov_bears_minmay,
          minmay_misc_feat_cross, uniq_edmund

Skill      XL: |  1  2  3  4  5  6 |
---------------+-------------------+-----
Dodging        | 3 4 5 7 |  7.0
Ranged Weapons | 6 |  6.4
Fighting       | 2 |  2.1
Stealth        | |  1.5

Action                     |  1- 3 |  4- 6 || total
---------------------------+-------+-------++-------
   Fire: Shortbow          |    65 |   176 ||   241
    Use: Potion            |     2 |     1 ||     3
         Scroll            |     1 |     7 ||     8
 Armour: Robe              |     1 |    37 ||    38
  Dodge: Dodged            |    14 |    72 ||    86

Table legend:
 A = Non-vault XP
 B = Vault XP
 C = Vault XP percentage of total XP
 D = Non-vault monster count
 E = Vault monster count
 F = Vault count percentage of total count
                 A         B        C        D         E       F
            +---------+---------+-------+---------+---------+-------
      Total |     265 |     457 |  63.3 |      69 |       4 |   5.5
            +---------+---------+-------+---------+---------+-------
        D:1 |      42 |       0 |   0.0 |      24 |       0 |   0.0
        D:2 |     128 |     293 |  69.6 |      25 |       3 |  10.7
        D:3 |      42 |       0 |   0.0 |      11 |       0 |   0.0
        D:4 |      53 |     164 |  75.6 |       9 |       1 |  10.0
            +---------+---------+-------+---------+---------+-------
